 Dungeon Crawl Stone Soup version 0.30.1-4-g462c640d31 (webtiles) character file.

Game seed: 7672207518223685540

104 Danienth the Grave Robber (level 4, -11/32 HPs)
             Began as a Demonspawn Necromancer on Sept 8, 2023.
             Mangled by Edmund
             ... wielding a +3 heavy dire flail
              (23 damage)
             ... on level 4 of the Dungeon.
             The game lasted 00:11:54 (1966 turns).

Danienth the Grave Robber (Demonspawn Necromancer)  Turns: 1966, Time: 00:11:55

Health: -11/32     AC:  5    Str: 16    XL:     4   Next: 52%
Magic:  2/7        EV: 12    Int: 20    God:
Gold:   86         SH:  0    Dex: 15    Spells: 4/8 levels left

rFire   x . .        f - +3 dagger
rCold   + . .        (no shield)
rNeg    . . .        a - +0 robe
rPois   .            i - +1 helmet {Int+3}
rElec   .            (no cloak)
rCorr   .            (no gloves)
SInv    .            p - +0 pair of boots
Will    .....        (no amulet)
Stlth   +++          l - ring of ice
HPRegen 0.25/turn    k - +6 ring of strength
MPRegen 0.20/turn

%: no passive effects
@: hasted, very quick
A: magic regeneration, thin skeletal structure 1, mutation resistance 1
a: no special abilities


You were on level 4 of the Dungeon.
You visited 1 branch of the dungeon, and saw 4 of its levels.

You collected 231 gold pieces.
You spent 145 gold pieces at shops.

Inventory:

Hand Weapons
 e - a +0 club
 f - a +3 dagger (weapon)
 g - a +2 short sword of speed
Missiles
 q - 2 javelins (quivered)
Armour
 a - a +0 robe (worn)
 i - a +1 helmet of intelligence (worn)
 p - a +0 pair of boots (worn)
Jewellery
 k - a +6 ring of strength (right hand)
 l - a ring of ice (left hand)
Scrolls
 c - 3 scrolls of identify
 d - a scroll of silence {unknown}
 h - a scroll of fear
 j - a scroll of vulnerability
Potions
 n - 2 potions of flight
 o - a potion of brilliance


   Skills:
 * Level 1.4 Fighting
 * Level 1.0 Short Blades
 * Level 0.7 Throwing
 * Level 2.1 Dodging
 * Level 2.3 Stealth
 * Level 2.5 Spellcasting
 + Level 5.0 Necromancy


You had 4 spell levels left.
You knew the following spells:

 Your Spells              Type           Power      Damage    Failure   Level
a - Necrotise             Necr           88%        1d8       1%          1
b - Vampiric Draining     Necr           22%        2d7       5%          3

Your spell library contained the following spells:

 Spells                   Type           Power      Damage    Failure   Level
 Animate Dead             Necr           22%        N/A       19%         4
 Ensorcelled Hibernation  Hex/Ice        6%         N/A       22%         2
 Inner Flame              Hex/Fire       2%         N/A       41%         3
 Spider Form              Tmut/Pois      2%         N/A       41%         3
 Anguish                  Hex/Necr       6%         N/A       47%         4
 Animate Armour           Summ/Erth      4%         N/A       83%         4
 Agony                    Necr           22%        N/A       45%         5
 Blade Hands              Tmut           1%         N/A       99%         5
 Yara's Violent Unravell  Hex/Tmut       1%         3d3       99%         5
 Iron Shot                Conj/Erth      1%         9d1       100%        6
 Enfeeble                 Hex            1%         N/A       100%        7


Dungeon Overview and Level Annotations

Branches:
Dungeon (4/15)
 Temple: D:4-7

Altars:
Uskayaw

Shops:
D:3 *

Annotations:
D:4 Edmund


Innate Abilities, Weirdness & Mutations

You regenerate magic rapidly.
You have a somewhat thin skeletal structure. (Dex +2, Stealth+)
You are somewhat resistant to further mutation.


Message History

Press: ? - help, Shift-Dir - straight line, f/p - Edmund
Aim: Edmund, wielding a +3 heavy dire flail and wearing a +0 chain mail (heavily wounded)
You draw life force from Edmund!
You feel life coursing into your body. The goblin hits you with a +0 dagger.
Casting: Vampiric Draining (dangerous; 5% risk of failure)
Confirm with . or Enter, or press ? or * to list all spells.
Aiming: Vampiric Draining (dangerous; 5% risk of failure)
Press: ? - help, Shift-Dir - straight line, f/p - Edmund
Aim: Edmund, wielding a +3 heavy dire flail and wearing a +0 chain mail (severely wounded)
You draw life force from Edmund!
You feel life coursing into your body. The goblin barely misses you.
Edmund hits you with a +3 heavy dire flail!!
Ouch! That really hurt!
Casting: Vampiric Draining (dangerous; 5% risk of failure)
Confirm with . or Enter, or press ? or * to list all spells.
You don't have enough magic to cast this spell.
Hit: f) +3 dagger
Press: ? - help, Dir - move target, p - Edmund
Okay, then.
Hit: f) +3 dagger
Press: ? - help, Dir - move target, f/p - Edmund
Aim: Edmund, wielding a +3 heavy dire flail and wearing a +0 chain mail (almost dead, about 28% to evade your +3 dagger)
You hit Edmund but do no damage.
Edmund is almost dead.
Hit: f) +3 dagger
Press: ? - help, Dir - move target, f/p - Edmund
Aim: Edmund, wielding a +3 heavy dire flail and wearing a +0 chain mail (almost dead, about 28% to evade your +3 dagger)
You barely miss Edmund.
Edmund is almost dead.
The goblin closely misses you.
A shadow imp comes into view.
Hit: f) +3 dagger
Press: ? - help, Dir - move target, f/p - Edmund
Aim: Edmund, wielding a +3 heavy dire flail and wearing a +0 chain mail (almost dead, about 28% to evade your +3 dagger)
The shadow imp shouts!
You hit Edmund but do no damage.
Edmund is almost dead.
Edmund hits you with a +3 heavy dire flail!!
Ouch! That really hurt!
You die...

### .<.
#.# #.#
#@#
#@g...#
JS...##
#.##..#
#. #..#
#. ....
.. ....
5# .$..


You could see Edmund, a shadow imp, an endoplasm, a goblin and a ball python.

Vanquished Creatures
  2 adders
  A worm (D:2)
  3 dart slugs
  3 orcs (D:3)
  7 endoplasms
  8 goblins
  3 hobgoblins
  4 jackals (D:1)
  9 kobolds
  4 quokkas
  5 ball pythons
  5 bats
  4 frilled lizards
  6 rats
64 creatures vanquished.

Vanquished Creatures (collateral kills)
  2 endoplasms
  2 frilled lizards (D:1)
  A rat (D:1)
5 creatures vanquished.

Grand Total: 69 creatures vanquished

Notes
Turn   | Place    | Note
-------+----------+-------------------------------------------
     0 | D:1      | Danienth the Demonspawn Necromancer began the quest for the
                  | Orb.
     0 | D:1      | Reached XP level 1. HP: 13/13 MP: 3/3
   111 | D:1      | Gained mutation: You regenerate magic rapidly. [demonic
                  | ancestry]
   111 | D:1      | Reached XP level 2. HP: 19/19 MP: 0/5
   434 | D:1      | Reached XP level 3. HP: 24/25 MP: 3/6
   528 | D:1      | Found a faded altar of an unknown god.
   534 | D:1      | Prayed at the altar of an unknown god.
   534 | D:1      | Became a worshipper of Uskayaw the Reveller
   534 | D:1      | Reached * piety under Uskayaw
   535 | D:1      | Fell from the grace of Uskayaw
   586 | D:2      | Learned a level 3 spell: Vampiric Draining
   681 | D:2      | Reached skill level 1 in Fighting
  1034 | D:2      | Reached XP level 4. HP: 31/32 MP: 0/7
  1527 | D:3      | Reached skill level 1 in Short Blades
  1616 | D:3      | Found Ixots's Assorted Antiques.
  1650 | D:3      | Gained mutation: You have a somewhat thin skeletal
                  | structure. (Dex +2, Stealth+) [potion of mutation]
  1650 | D:3      | Gained mutation: You are somewhat resistant to further
                  | mutation. [potion of mutation]
  1655 | D:3      | Bought a moonstone ring for 145 gold pieces
  1729 | D:3      | Reached skill level 5 in Necromancy
  1951 | D:4      | Noticed Edmund
  1966 | D:4      | Mangled by Edmund

Illustrated notes

Levels and vault maps discovered:
D:1:      lightli_arrival_statue_moat, layout_rooms,
          ebering_ecumenical_altar_sacrificial, kennysheep_minor_cross
D:2:      layout_basic
D:3:      layout_rooms, serial_shops, shop
D:4:      layout_rooms, nicolae_dithmenos_shadow_blocks,
          hangedman_decor_diamond_cutter, uniq_sigmund, uniq_edmund,
          uniq_menkaure

Skill      XL: |  1  2  3  4 |
---------------+-------------+-----
Stealth        | 2 |  2.3
Dodging        | 2 |  2.1
Fighting       | 1 |  1.4
Short Blades   | 1 |  1.0
Necromancy     | 5 |  5.0
Throwing       | |  0.7
Spellcasting   | |  2.5

Action                     |  1- 3 |  4- 6 || total
---------------------------+-------+-------++-------
  Melee: Club              |     3 |       ||     3
         Dagger            |    73 |    31 ||   104
         Punch             |     2 |       ||     2
  Throw: Javelin           |     3 |     6 ||     9
   Cast: Necrotise         |    30 |    21 ||    51
         Vampiric Draining |       |     2 ||     2
 Invoke: Renounce Religion |     1 |       ||     1
    Use: Scroll            |     1 |     5 ||     6
         Potion            |       |     3 ||     3
   Stab: Distracted        |     1 |       ||     1
         Sleeping          |       |     2 ||     2
 Armour: Robe              |    19 |    16 ||    35
  Dodge: Dodged            |    60 |    18 ||    78
